 Dungeon Crawl Stone Soup version 0.27-a0-409-gd57800a693 (webtiles) character file.

Game seed: 11126675030297311387

14254 Chiseanne the Prestidigitator (level 11, -6/89 HPs)
             Began as a Demonspawn Wanderer on Feb 23, 2021.
             Was a Priest of Makhleb.
             Mangled by an orc knight
             ... wielding a +1 great mace of holy wrath
              (7 damage)
             ... on level 1 of the Orcish Mines.
             The game lasted 00:19:30 (11926 turns).

Chiseanne the Prestidigitator (DsWn)               Turns: 11926, Time: 00:19:31

Health: -6/89      AC: 21    Str: 14    XL:     11   Next: 86%
Magic:  20/20      EV:  7    Int: 14    God:    Makhleb [***...]
Gold:   843        SH:  0    Dex: 14    Spells: 10/10 levels left

rFire    + . .     SeeInvis .   a - +7 battleaxe (spect)
rCold    . . .     Faith    .   (shield currently unavailable)
rNeg     . . .     Spirit   .   D - +2 plate armour {rF+}
rPois    .         Reflect  .   x - +1 helmet
rElec    .         Harm     .   l - scarf {+Inv}
rCorr    .         Rampage  .   (no gloves)
Will     .....                  (no boots)
Stlth    ..........             y - amulet of the acrobat
HPRegen  0.24/turn              I - ring of magical power
MPRegen  0.17/turn              H - +4 ring of protection

@: mighty
A: talons 1, powered by pain 1, spiny 3
a: Renounce Religion, Evoke Invisibility, Minor Destruction, Lesser Servant of
Makhleb


You were on level 1 of the Orcish Mines.
You worshipped Makhleb.
Makhleb was most pleased with you.
You visited 3 branches of the dungeon, and saw 14 of its levels.
You also visited: Ossuary.

You collected 843 gold pieces.

Inventory:

Hand Weapons
 a - a +7 spectral battleaxe (weapon)
 q - a +2 scimitar of flaming
 s - the +1 falchion "Kelionem" {elec, Str+4 Int+5}
   (You found it on level 4 of the Dungeon)

   Occasionally, upon striking a foe, it can discharge electrical energy and
   cause terrible harm.
   It affects your strength (+4).
   It affects your intelligence (+5).
 z - the +3 war axe of Vanity {pain, *Noise rF++}
   (You found it on level 8 of the Dungeon)

   In the hands of one skilled in necromantic magic, it inflicts extra damage on
   living creatures.
   It greatly protects you from fire.
   It may make noises in combat.
Missiles
 f - 145 arrows
 v - 66 sling bullets
 B - 14 poisoned darts (quivered)
 G - 4 boomerangs
 J - 11 javelins
 N - 5 boomerangs of dispersal
Armour
 l - a scarf of invisibility (worn)
 x - a +1 helmet (worn)
 D - a +2 plate armour of fire resistance (worn)
 R - a +0 troll leather armour
Magical Staves
 C - a staff of poison
Jewellery
 e - a ring of fire
 g - an amulet of faith
 y - an amulet of the acrobat (around neck)
 F - a ring of wizardry
 H - a +4 ring of protection (right hand)
 I - a ring of magical power (left hand)
Wands
 j - a wand of acid (13)
 E - a wand of iceblast (7)
 Q - a wand of polymorph (5)
Scrolls
 b - 3 scrolls of fog
 c - 10 scrolls of teleportation
 n - a scroll of fear
 p - a scroll of summoning
 r - 4 scrolls of amnesia
 t - a scroll of immolation
 u - 7 scrolls of identify
 M - 2 scrolls of blinking
Potions
 d - a potion of brilliance
 h - 2 potions of magic
 k - 2 potions of mutation
 m - 2 potions of flight
 o - 9 potions of curing
 w - 2 potions of resistance
 A - a potion of heal wounds
 L - 2 potions of ambrosia
 O - a potion of cancellation
 P - a potion of invisibility


   Skills:
 * Level 9.4 Fighting
 - Level 1.7 Long Blades
 * Level 6.4(6.5) Axes
 - Level 1.7(4.4) Maces & Flails
 * Level 7.5 Armour
 * Level 8.8 Dodging
 * Level 9.5 Evocations


You had 10 spell levels left.
You didn't know any spells.
Your spell library contained the following spells:

 Spells                   Type           Power        Failure   Level
 Animate Skeleton         Necr           0%           100%        1
 Apportation              Tloc           0%           100%        1
 Corona                   Hex            0%           100%        1
 Summon Small Mammal      Summ           0%           100%        1
 Ensorcelled Hibernation  Hex/Ice        0%           100%        2
 Confusing Touch          Hex            0%           100%        3
 Dazzling Flash           Conj/Hex       0%           100%        3
 Tukima's Dance           Hex            0%           100%        3


Dungeon Overview and Level Annotations

Branches:
Dungeon (11/15)            Temple (1/1) D:5            Lair (0/6) D:11
    Orc (2/2) D:11        Ossuary (visited)
    Elf: Orc:2

Altars:
Cheibriados
Dithmenos
Fedhas
Hepliaklqana
Kikubaaqudgha
Makhleb
Nemelex Xobeh
Qazlal
Ru
Sif Muna
Trog
Uskayaw
Xom

Shops:
D:7 *   D:9 (

Annotations:
D:8 2 transporters


Innate Abilities, Weirdness & Mutations

You have sharp toenails.
You sometimes gain a little power by taking damage.
You are completely covered in sharp spines.


Message History

You draw out your weapon's spirit!
The orc knight is struck by your spines.
The orc knight hits you with a +1 great mace of holy wrath!
You focus on the pain.
You feel very mighty all of a sudden.
You convulse.
Things that are here:
a +0 dire flail; a +0 plate armour What are your orders? t - Shout!
Orders for allies: a - Attack new target. r - Retreat! s - Stop attacking. g - Guard the area. f - Follow me.
Anything else - Cancel.
Gang up on whom?
Press: ? - help, Dir - move target, f - orc knight
Aim: an orc knight, wielding a +1 great mace of holy wrath and wearing a +0 plate armour (moderately wounded) Attack!
The orc knight barely misses your spectral weapon.
You feel much better.
The orc knight misses your spectral weapon.
The orc knight is struck by your spines.
The orc knight hits you but does no damage.
Things that are here:
a +0 robe; a +0 dagger You slice the orc knight!!
Your kick misses the orc knight.
The orc knight is heavily wounded.
Your spectral weapon hits the orc knight!
The orc knight hits you with a +1 great mace of holy wrath!!
You convulse!
* * * LOW HITPOINT WARNING * * *
You focus on the pain.
You feel mightier all of a sudden.
You barely miss the orc knight. You claw the orc knight.
The orc knight is almost dead.
Your spectral weapon barely misses the orc knight.
The orc knight hits you with a +1 great mace of holy wrath!
* * * LOW HITPOINT WARNING * * *
You convulse!
You die...

#.......#..##...##
##.#............#
##..............##
#...............###
##..##.#..........##
########..........#
##.####..#........##
#...##.......)[)...#
##..##.....(@[.[...##
#.........o><......#
##..........[......#
###..#..#........##
##.#...........##
#.....#.......#.##
##....##..#......#
###.#####....#.##
#####.....####


You could see an orc knight (ally target) and a friendly +7 spectral battleaxe
(summoned).

Vanquished Creatures
  Snorg (D:11)
  A hydra (D:8)
  Erica (D:8)
  A two-headed ogre (D:9)
  Nergalle (D:10)
  An unseen horror (D:10)
  An orc knight (Orc:1)
  Pikel (D:8)
  An ugly thing (D:11)
  The ghost of petermcneter the Gusty, a novice DEAE of Vehumet (D:8)
  A centaur skeleton (D:11)
  Psyche (D:11)
  The ghost of EnegeticOcto the Frost Mage, a novice HaIE (D:5)
  3 trolls
  Prince Ribbit (D:6)
  10 yaks
  2 wyverns
  Grum (D:8)
  Menkaure (D:5)
  An ice beast (D:9)
  A sky beast (D:11)
  5 orc warriors
  2 necrophages
  8 ogres
  2 wolves (D:8)
  2 centaurs (D:5)
  3 lemures (D:8)
  A phantom (D:3)
  An elf zombie (Ossuary)
  4 bullfrogs
  5 scorpions
  4 killer bees (D:8)
  25 wights
  An electric eel (D:6)
  2 centaur zombies
  A quasit (D:8)
  A bullfrog zombie (D:11)
  5 jellies
  4 hounds
  A human zombie (Ossuary)
  8 orc priests
  2 bullfrog skeletons
  10 orc wizards
  3 iguanas
  8 worker ants
  A killer bee zombie (D:9)
  2 hound zombies
  4 mummies (Ossuary)
  A hound skeleton (D:5)
  A worker ant zombie (D:7)
  7 adders
  2 shadow imps
  2 white imps
  An ufetubus (D:5)
  5 adder zombies
  An adder skeleton (D:6)
  3 worms
  4 dart slugs
  7 leopard geckos
  32 orcs
  3 giant cockroaches
  7 goblins
  3 hobgoblins
  3 jackals (D:8)
  3 quokkas
  2 ball pythons
  9 bats
  3 frilled lizards
  A goblin zombie (Ossuary)
  A hobgoblin zombie (Ossuary)
  A jackal skeleton (D:6)
  A jackal zombie (Ossuary)
  9 kobolds
  A kobold zombie (Ossuary)
  2 orc zombies (Ossuary)
  A quokka skeleton (D:7)
  10 rats
  A rat zombie (Ossuary)
275 creatures vanquished.

Vanquished Creatures (others)
  7 plants (D:6)
7 creatures vanquished.

Grand Total: 282 creatures vanquished

Notes
Turn   | Place    | Note
-------+----------+-------------------------------------------
     0 | D:1      | Chiseanne the Demonspawn Wanderer began the quest for the
                  | Orb.
     0 | D:1      | Chiseanne set off with the following items: a +2 falchion,
                  | a +0 short sword, a scroll of teleportation, a +0 robe
     0 | D:1      | Reached XP level 1. HP: 15/15 MP: 1/1
   257 | D:1      | Gained mutation: You are partially covered in sharp spines.
                  | [demonic ancestry]
   257 | D:1      | Reached XP level 2. HP: 21/21 MP: 2/2
   904 | D:2      | Reached XP level 3. HP: 24/27 MP: 3/3
  2008 | D:2      | Gained mutation: You have sharp toenails. [demonic
                  | ancestry]
  2008 | D:2      | Reached XP level 4. HP: 34/34 MP: 4/4
  2340 | D:3      | Noticed a phantom
  2366 | D:3      | Killed a phantom
  2367 | D:3      | Reached XP level 5. HP: 18/41 MP: 5/5
  3280 | D:4      | Found a sand-covered staircase.
  3298 | Ossuary  | Entered an ossuary
  3317 | Ossuary  | Gained mutation: You are mostly covered in sharp spines.
                  | [demonic ancestry]
  3317 | Ossuary  | Reached XP level 6. HP: 16/47 MP: 6/6
  4127 | D:4      | Noticed an orc warrior
  4136 | D:4      | Killed an orc warrior
  4143 | D:4      | Reached XP level 7. HP: 29/54 MP: 7/7
  4573 | D:4      | Got a scorched falchion
  4574 | D:4      | Identified the +1 falchion "Kelionem" {elec, Str+4 Int+5}
                  | (You found it on level 4 of the Dungeon)
  5012 | D:5      | Entered Level 5 of the Dungeon
  5240 | D:5      | Reached skill level 5 in Evocations
  5249 | D:5      | Found a staircase to the Ecumenical Temple.
  5287 | D:5      | Reached skill level 5 in Fighting
  5308 | D:5      | Noticed Menkaure
  5313 | D:5      | Killed Menkaure
  5314 | D:5      | Reached skill level 5 in Dodging
  5341 | D:5      | Gained mutation: You are completely covered in sharp
                  | spines. [demonic ancestry]
  5341 | D:5      | Reached XP level 8. HP: 56/62 MP: 8/8
  5640 | D:5      | Found a runed translucent door.
  5642 | D:5      | Noticed EnegeticOcto's ghost (novice HaIE)
  5804 | D:5      | Killed EnegeticOcto's ghost
  6116 | D:6      | Found a sacrificial altar of Ru.
  6126 | D:6      | Found a bloodstained altar of Trog.
  6210 | D:6      | Noticed Prince Ribbit
  6216 | D:6      | Killed Prince Ribbit
  6322 | D:6      | Reached skill level 1 in Axes
  6636 | D:6      | Found a shadowy altar of Dithmenos.
  6898 | D:6      | Gained mutation: You sometimes gain a little power by
                  | taking damage. [demonic ancestry]
  6898 | D:6      | Reached XP level 9. HP: 69/69 MP: 9/9
  7486 | D:7      | Found Licodet's General Store.
  7490 | D:7      | Reached skill level 5 in Armour
  7657 | Temple   | Entered the Ecumenical Temple
  7738 | Temple   | Became a worshipper of Makhleb the Destroyer
  7970 | D:8      | Reached XP level 10. HP: 79/79 MP: 10/10
  7983 | D:8      | Noticed Erica
  8014 | D:8      | Killed Erica
  8131 | D:8      | Found a sacrificial altar of Ru.
  8149 | D:8      | Found a shimmering blue altar of Sif Muna.
  8149 | D:8      | Found an ancient bone altar of Kikubaaqudgha.
  8162 | D:8      | Found a transporter.
  8189 | D:8      | Found a runed translucent gate.
  8190 | D:8      | Found a runed translucent gate.
  8191 | D:8      | Found a runed translucent gate.
  8193 | D:8      | Noticed petermcneter's ghost (novice DEAE)
  8194 | D:8      | Noticed a ten-headed hydra
  8207 | D:8      | Killed an eight-headed hydra
  8210 | D:8      | Killed petermcneter's ghost
  8397 | D:8      | Got a crystal war axe
  8407 | D:8      | Identified the +3 war axe of Vanity {pain, *Noise rF++}
                  | (You found it on level 8 of the Dungeon)
  8544 | D:8      | Found a transporter.
  8758 | D:8      | Reached * piety under Makhleb
  8762 | D:8      | Noticed Grum
  8775 | D:8      | Killed Grum
  8776 | D:8      | Noticed Pikel
  8781 | D:8      | Killed Pikel
  9078 | D:9      | Noticed a two-headed ogre
  9083 | D:9      | Killed a two-headed ogre
  9084 | D:9      | Reached skill level 5 in Axes
  9396 | D:9      | Found a stormy altar of Qazlal.
  9440 | D:9      | Reached XP level 11. HP: 81/87 MP: 11/11
  9597 | D:9      | Reached ** piety under Makhleb
  9683 | D:9      | Found Darghap's Weapon Boutique.
  9891 | D:10     | Entered Level 10 of the Dungeon
 10001 | D:10     | Noticed Nergalle
 10010 | D:10     | Killed Nergalle
 10283 | D:10     | Killed an unseen horror
 10788 | D:11     | Found a staircase to the Lair.
 10807 | D:11     | Noticed Psyche
 10807 | D:11     | Noticed Snorg
 10815 | D:11     | Killed Psyche
 10818 | D:11     | Killed Snorg
 10917 | D:11     | Found a staircase to the Orcish Mines.
 11108 | D:11     | Noticed a purple ugly thing
 11116 | D:11     | Killed a purple ugly thing
 11227 | D:11     | Reached *** piety under Makhleb
 11344 | D:11     | Found a sacrificial altar of Ru.
 11528 | Orc:1    | Entered Level 1 of the Orcish Mines
 11670 | Orc:2    | Entered Level 2 of the Orcish Mines
 11670 | Orc:2    | Noticed an orc knight
 11709 | Orc:2    | Noticed an orc high priest
 11720 | Orc:1    | Killed an orc knight
 11913 | Orc:2    | Noticed an orc knight
 11926 | Orc:1    | HP: 1/89 [orc knight/+1 great mace of holy wrath (13)]
 11926 | Orc:1    | Mangled by an orc knight

Illustrated notes

Levels and vault maps discovered:
D:1:      nzn_arrival_water_spiral, layout_loops_ring
D:2:      layout_loops_corners, roderic_roman_lattice, minmay_unequal
D:3:      layout_loops_ring, solitary_fountain
D:4:      minmay_general_purpose_star, layout_gridville, enter_ossuary_3,
          grunt_decor_resistance
D:5:      layout_basic, minmay_temple_entry_mist, ebering_ghost_reflecting_pool,
          minmay_holes, minmay_pentangle, uniq_menkaure
D:6:      layout_gridville, kennysheep_mini_moat, kennysheep_mini,
          serial_bayou_pond_c, bloody_trog, uniq_prince_ribbit1
D:7:      layout_cave_pools, serial_column_ruins, column_ruins_hut_ruined,
          column_ruins_hut, column_ruins_grid_1, column_ruins_grid_2,
          column_ruins_columns_corner, column_ruins_corridor_corner,
          column_ruins_open_medium, serial_shops, shop, minivault_23
D:8:      layout_cave_pods, gammafunk_temple_overflow_arena,
          gammafunk_ghost_hydra_chop, basic_altar, uniq_erica, uniq_grum,
          uniq_pikel
D:9:      layout_cave_pools, serial_shops, shop, grunt_qazlal_clouds
D:10:     layout_loops_ring, uniq_nergalle
D:11:     layout_irregular_city, lair_entry_dummy, orc_0_dummy,
          gauntlet_entry_generic, nicolae_ru_path_of_blood, uniq_psyche,
          uniq_snorg
Temple:   dpeg_five_rooms_temple
Orc:1:    layout_caves, serial_shops, shop_statue
Orc:2:    st_orc_elflike, layout_diamond_mine, basic_altar

Skill      XL: |  1  2  3  4  5  6  7  8  9 10 11 |
---------------+----------------------------------+-----
Dodging        | 2 3 4 5 6 7 8 |  8.8
Fighting       | 2 3 4 5 6 7 8 9 |  9.4
Evocations     | 3 4 5 6 7 8 9 |  9.5
Armour         | 2 3 5 6 7 |  7.5
Axes           | 1 3 5 6 |  6.4
Long Blades    | |  1.7
Maces & Flails | |  1.7

Action                   |  1- 3 |  4- 6 |  7- 9 | 10-12 || total
-------------------------+-------+-------+-------+-------++-------
Melee: Falchion          |    65 |    91 |    72 |       ||   228
       Kick              |       |    28 |    42 |    45 ||   115
       Battleaxe         |       |       |    77 |   186 ||   263
       Scimitar          |       |       |       |     3 ||     3
Evoke: Wand              |       |       |       |     6 ||     6
  Use: Potion            |       |     1 |     4 |     6 ||    11
       Scroll            |       |       |    18 |     9 ||    27
 Stab: Distracted        |       |       |       |     1 ||     1
Armor: Robe              |    11 |       |       |       ||    11
       Ring mail         |    12 |    30 |     1 |       ||    43
       Plate armour      |       |       |   123 |   153 ||   276
Dodge: Dodged            |    40 |    55 |    65 |    95 ||   255
       Rpst.: Falchion   |    18 |    15 |     8 |       ||    41

Table legend: (Time is in decaauts)
 A = Elapsed time spent in this place.
 B = Non-inter-level travel time spent in this place.
 C = Inter-level travel time spent in this place.
 D = Time resting spent in this place.
 E = Time spent auto-exploring this place.
 F = Levels seen in this place.
 G = Mean time per level.
                   A        B        C        D        E       F      G
               +--------+--------+--------+--------+--------+-----+--------+
         Total |  12094 |  11621 |    473 |   1918 |   8126 |  15 |  806.3 |
       Dungeon |  10845 |  10423 |    422 |   1290 |   7731 |  11 |  985.9 |
        Temple |    132 |     81 |     51 |      0 |     76 |   1 |  132.0 |
  Orcish Mines |    409 |    409 |      0 |    213 |    116 |   2 |  204.5 |
       Ossuary |    707 |    707 |      0 |    415 |    203 |   1 |  707.0 |
               +--------+--------+--------+--------+--------+-----+--------+

Top non-repeatable levels by time:
     D:8: 1420 daAuts
     D:2: 1223 daAuts
     D:3: 1209 daAuts
     D:5: 1135 daAuts
     D:4: 1037 daAuts
     D:6: 940 daAuts
    D:11: 885 daAuts
     D:1: 868 daAuts
    D:10: 765 daAuts
 Ossuary: 707 daAuts
     D:9: 681 daAuts
     D:7: 678 daAuts
   Orc:1: 392 daAuts
  Temple: 132 daAuts
   Orc:2: 16 daAuts
